 Dungeon Crawl Stone Soup version 0.21.0-3-g78d12a8 (webtiles) character file.

25071 Mgcat the Severer (level 12, 0/113 HPs)
             Began as a Minotaur Berserker on Jan 12, 2018.
             Was an Elder of Trog.
             Slain by a tarantella (3 damage)
             ... on level 3 of the Lair of Beasts.
             The game lasted 00:46:47 (15605 turns).

Mgcat the Severer (Minotaur Berserker)             Turns: 15605, Time: 00:46:48

Health: 0/113      AC: 12    Str: 27    XL:     12   Next: 86%
Magic:  0/16       EV: 11    Int:  4    God:    Trog [****..]
Gold:   847        SH:  0    Dex: 15    Spells: 11/11 levels left

rFire    + + .     SeeInvis .   E - +5 battleaxe (elec)
rCold    . . .     Gourm    .   (shield currently unavailable)
rNeg     . . .     Faith    .   z - +0 fire dragon scales
rPois    .         Spirit   +   (helmet restricted)
rElec    .         Reflect  .   (no cloak)
rCorr    .         Harm     .   (no gloves)
MR       .....                  (no boots)
Stlth    ..........             k - amulet of guardian spirit
HPRegen  0.28/turn              j - ring of protection from cold
MPRegen  0.15/turn              a - +5 ring of strength

@: confused, slowed, very slow
A: retaliatory headbutt, fangs 1, horns 2, deterioration 1, no potion heal 1
a: Berserk, Trog's Hand, Brothers in Arms, Burn Spellbooks, Renounce Religion


You were on level 3 of the Lair of Beasts.
You worshipped Trog.
Trog was greatly pleased with you.
You were not hungry.

You visited 2 branches of the dungeon, and saw 14 of its levels.

You collected 847 gold pieces.

Inventory:

Hand Weapons
 g - a +2 spear of piercing
 E - a +5 battleaxe of electrocution (weapon)
Armour
 r - the +5 ring mail of Moral Flaws {Dex+3}
   (You found it on level 3 of the Lair of Beasts)

   It affects your dexterity (+3).
 z - +0 fire dragon scales (worn)
Jewellery
 a - a +5 ring of strength (right hand)
 i - an uncursed ring of ice
 j - a ring of protection from cold (left hand)
 k - an amulet of guardian spirit (around neck)
 v - an uncursed ring of flight
Wands
 b - a wand of digging (13)
 q - a wand of disintegration (10)
 y - a wand of flame (17)
Scrolls
 d - 3 scrolls of remove curse
 m - 3 scrolls of enchant armour
 n - a scroll of fog
 o - a scroll of blinking
 p - 5 scrolls of identify
Potions
 e - a potion of agility {unknown}
 f - 3 potions of mutation
 l - a potion of magic {unknown}
 t - 5 potions of heal wounds
 u - 2 potions of haste
 w - a potion of berserk rage {unknown}
 A - a potion of flight {unknown}
 D - 2 potions of curing
Miscellaneous
 h - a lightning rod (4/4)
 x - a fan of gales
Comestibles
 c - 37 rations


   Skills:
 + Level 12.7 Fighting
 + Level 16.0 Axes
 + Level 12.5 Armour
 - Level 2.1 Dodging
 + Level 7.6 Evocations


You had 11 spell levels left.
You didn't know any spells.

Dungeon Overview and Level Annotations

Branches:
Dungeon (11/15)            Temple (0/1) D:4            Lair (3/6) D:9
    Orc (0/2) D:9
  Swamp: Lair:2-4    Shoals: Lair:2-4     Snake: Lair:2-4    Spider: Lair:2-4

Altars:
Ashenzari
Cheibriados
Fedhas
Kikubaaqudgha
Okawaru
Qazlal
Ru
Sif Muna
Trog
Uskayaw
Wu Jian
Yredelemnul
The Shining One
Lugonu

Shops:
D:4 :   D:8 *

Annotations:
D:10 1 transporter


Innate Abilities, Weirdness & Mutations

You reflexively headbutt those who attack you in melee.
You have a pair of horns on your head.
You have very sharp teeth.
Your body sometimes deteriorates upon taking damage.
Potions are less effective at restoring your health.


Message History

* * * LOW HITPOINT WARNING * * *
The tarantella closely misses you. The tarantella completely misses you.
You hit the torpor snail.
Lightning courses through the torpor snail!
The torpor snail is heavily wounded.
You barely miss the tarantella. The tarantella bites you.
* * * LOW HITPOINT WARNING * * *
The tarantella bites you.
* * * LOW HITPOINT WARNING * * *
The torpor snail barely misses you.
You slash the torpor snail! You headbutt the torpor snail!
The torpor snail is almost dead.
You miss the tarantella. The tarantella closely misses you.
The tarantella bites you.
* * * LOW HITPOINT WARNING * * *
The torpor snail completely misses you.
Unknown command.
The tarantella barely misses you. x2; The torpor snail misses you.
The tarantella bites you.
You die...

........#P.#.....#
................P##
.#....#.#............
.##.#####.........##..
....###.P.......##.# #
..#..#......#...#### #
.<#.##...[.......### #
....##..##...#...".# #
#...##.###....##@..## #
....#P..##.....sw...#P..
........................
..........##.#...^....##
.........#...#.##.#..P#
........#.#..### ...P##
. #............# ....#
#..........#..# #.#..#
###......P....# ..###


You could see a torpor snail and a tarantella.

Vanquished Creatures
  The ghost of Regeox the Martial Artist, a journeyman DsGl of Makhleb (Lair:2)
  2 death yaks (Lair:3)
  A two-headed ogre (D:7)
  Nergalle (D:11)
  An unseen horror (D:11)
  A cyclops (D:10)
  2 black mambas (Lair:3)
  Maurice (D:10)
  Joseph (D:8)
  2 komodo dragons
  A spiny frog (Lair:3)
  A troll (D:9)
  2 queen bees
  The ghost of tv1990 the Bolt Thrower, an amateur FoHu of Trog (D:4)
  6 blink frogs
  6 hippogriffs
  A shadow (D:11)
  28 yaks
  The ghost of RollingDesktops the Slasher, an amateur GnCK of Xom (D:5)
  A wyvern (D:10)
  2 basilisks (Lair:3)
  A hungry ghost (D:10)
  A steam dragon (D:10)
  Grum (D:8)
  4 water moccasins
  A porcupine (Lair:2)
  An ice beast (D:9)
  2 phantoms
  4 orc warriors
  5 sky beasts
  2 necrophages
  2 ogres (D:10)
  4 centaurs
  19 wolves
  3 crocodiles
  4 big kobolds
  13 bullfrogs
  A gnoll sergeant (D:8)
  2 scorpions
  44 killer bees
  3 vampire bats (D:4)
  9 wights
  2 centaur zombies
  A crimson imp (D:5)
  3 bullfrog zombies
  14 hounds
  A jelly (D:11)
  4 centaur skeletons
  5 orc priests
  Jessica (D:2)
  2 bullfrog skeletons
  4 iguanas
  7 worker ants
  16 orc wizards
  2 hound skeletons (D:10)
  A mummy (D:9)
  2 worker ant zombies
  4 gnolls (D:8)
  10 adders
  A shadow imp (D:7)
  An ooze (D:1)
  2 adder skeletons
  A dart slug (D:4)
  2 leopard geckos
  64 orcs
  4 bats
  5 bat skeletons (D:4)
  A bat zombie (D:4)
  5 giant cockroaches
  7 goblins
  4 hobgoblins
  2 jackals (D:3)
  7 quokkas
  A ball python (D:3)
  A frilled lizard (D:3)
  A jackal skeleton (D:4)
  20 kobolds
  A leopard gecko skeleton (D:6)
  2 quokka zombies
  8 rats
  3 fungi
  A plant (Lair:1)
412 creatures vanquished.

Vanquished Creatures (collateral kills)
  A hydra (D:11)
1 creature vanquished.

Vanquished Creatures (others)
  A fungus (Lair:1)
  4 plants
5 creatures vanquished.

Grand Total: 418 creatures vanquished

Notes
Turn   | Place    | Note
-------+----------+-------------------------------------------
     0 | D:1      | Mgcat the Minotaur Berserker began the quest for the Orb.
     0 | D:1      | Reached XP level 1. HP: 19/19 MP: 0/0
   179 | D:1      | Reached skill level 4 in Axes
   360 | D:1      | Reached XP level 2. HP: 26/26 MP: 1/1
   826 | D:2      | Reached skill level 5 in Axes
   826 | D:2      | Reached XP level 3. HP: 15/31 MP: 2/2
   833 | D:2      | HP: 1/31 [poisoned by an orc wizard]
   836 | D:2      | Gained mutation: Your body sometimes deteriorates upon taking damage. [potion of mutation]
   836 | D:2      | Gained mutation: Potions are less effective at restoring your health. [potion of mutation]
   836 | D:2      | Gained mutation: You have very sharp teeth. [potion of mutation]
  1150 | D:2      | Noticed Jessica
  1154 | D:2      | Reached skill level 6 in Axes
  1154 | D:2      | Reached XP level 4. HP: 25/39 MP: 3/3
  1156 | D:2      | Killed Jessica
  1517 | D:2      | Reached XP level 5. HP: 34/45 MP: 1/4
  1668 | D:2      | Reached skill level 7 in Axes
  1992 | D:2      | Found a sacrificial altar of Ru.
  2142 | D:3      | Found a hide-covered altar of Uskayaw.
  2238 | D:3      | Reached ** piety under Trog
  2757 | D:3      | Reached skill level 8 in Axes
  2757 | D:3      | Reached XP level 6. HP: 46/51 MP: 5/5
  3187 | D:4      | Found Anirphe's Book Shoppe.
  3355 | D:4      | Found a snail-covered altar of Cheibriados.
  3372 | D:4      | Reached skill level 9 in Axes
  3405 | D:4      | Noticed tv1990's ghost (amateur FoHu)
  3418 | D:4      | Killed tv1990's ghost
  3418 | D:4      | Reached XP level 7. HP: 57/57 MP: 6/6
  3434 | D:4      | Found a staircase to the Ecumenical Temple.
  3479 | D:4      | Reached skill level 10 in Axes
  3709 | D:4      | Found an ancient bone altar of Kikubaaqudgha.
  4008 | D:5      | Entered Level 5 of the Dungeon
  4025 | D:5      | Noticed RollingDesktops's ghost (amateur GnCK)
  4036 | D:5      | Killed RollingDesktops's ghost
  4036 | D:5      | Reached skill level 11 in Axes
  4076 | D:5      | Reached *** piety under Trog
  4076 | D:5      | Reached XP level 8. HP: 64/64 MP: 7/7
  4173 | D:5      | Found a blossoming altar of Fedhas.
  4537 | D:5      | You fall through a shaft!
  5097 | D:6      | Reached skill level 5 in Fighting
  5102 | D:6      | Reached skill level 12 in Axes
  5108 | D:6      | Reached skill level 5 in Armour
  5118 | D:6      | Reached XP level 9. HP: 63/77 MP: 6/8
  6132 | D:7      | Reached **** piety under Trog
  6197 | D:7      | Found a shattered altar of Ashenzari.
  6233 | D:7      | Reached skill level 13 in Axes
  6345 | D:7      | Noticed a two-headed ogre
  6352 | D:7      | Killed a two-headed ogre
  6446 | D:7      | Reached XP level 10. HP: 90/90 MP: 9/9
  6556 | D:7      | Found a bloodstained altar of Trog.
  6838 | D:8      | Noticed Joseph
  6844 | D:8      | Killed Joseph
  6844 | D:8      | Reached skill level 1 in Evocations
  6957 | D:8      | Found Etwyer Peba's General Store.
  7090 | D:8      | Noticed Grum
  7108 | D:8      | Killed Grum
  7292 | D:8      | Found a basalt altar of Yredelemnul.
  7898 | D:9      | Reached ***** piety under Trog
  7900 | D:9      | Received a gift from Trog
  7934 | D:9      | Found a staircase to the Orcish Mines.
  8042 | D:9      | Found an ornate altar of the Wu Jian Council.
  8045 | D:9      | Found a deep blue altar of Sif Muna.
  8048 | D:9      | Found a glowing golden altar of the Shining One.
  8051 | D:9      | Found an iron altar of Okawaru.
  8278 | D:9      | Found a staircase to the Lair.
  8397 | D:9      | Received a gift from Trog
  8400 | D:9      | Reached skill level 14 in Axes
  8880 | D:9      | Reached skill level 10 in Fighting
  8919 | D:10     | Entered Level 10 of the Dungeon
  8932 | D:10     | Received a gift from Trog
  8932 | D:10     | Reached XP level 11. HP: 94/99 MP: 11/13
  9601 | D:10     | Reached skill level 10 in Armour
 10423 | D:10     | Noticed Maurice
 10478 | D:10     | Killed Maurice
 10811 | D:10     | Found a transporter.
 10814 | D:10     | Found a corrupted altar of Lugonu.
 10898 | D:10     | Found a stormy altar of Qazlal.
 10909 | D:10     | Reached skill level 5 in Evocations
 11341 | D:11     | Noticed Nergalle
 11348 | D:11     | Killed Nergalle
 11542 | D:11     | Noticed an eight-headed hydra
 12220 | D:11     | Killed an unseen horror
 12555 | D:11     | Reached skill level 15 in Axes
 12555 | D:11     | Received a gift from Trog
 12799 | D:11     | Killed an eight-headed hydra
 13012 | Lair:1   | Entered Level 1 of the Lair of Beasts
 13186 | Lair:1   | Reached XP level 12. HP: 97/110 MP: 11/15
 14625 | Lair:2   | Noticed Regeox's ghost (journeyman DsGl)
 14631 | Lair:2   | Killed Regeox's ghost
 15102 | Lair:3   | Got a transparent ring mail
 15129 | Lair:3   | Identified the +5 ring mail of Moral Flaws {Dex+3} (You found it on level 3 of the Lair of Beasts)
 15485 | Lair:3   | Noticed a death yak
 15486 | Lair:3   | Noticed a death yak
 15498 | Lair:3   | Killed a death yak
 15502 | Lair:3   | Killed a death yak
 15502 | Lair:3   | Reached skill level 16 in Axes
 15603 | Lair:3   | HP: 3/113 [tarantella (5)]
 15605 | Lair:3   | Slain by a tarantella

Skill      XL: |  1  2  3  4  5  6  7  8  9 10 11 12 |
---------------+-------------------------------------+-----
Axes           | 4 5 6 8 9 11 12 13 14 15 16 | 16.0
Fighting       | 6 8 10 11 12 | 12.7
Armour         | 5 8 9 11 12 | 12.5
Evocations     | 4 6 7 |  7.6
Dodging        | |  2.1

Action                   |  1- 3 |  4- 6 |  7- 9 | 10-12 || total
-------------------------+-------+-------+-------+-------++-------
Melee: Hand axe          |    38 |   100 |       |       ||   138
       Headbutt          |     7 |    27 |    50 |   117 ||   201
       Bite              |       |    13 |    30 |    76 ||   119
       War axe           |       |    14 |   180 |       ||   194
       Battleaxe         |       |       |    59 |   588 ||   647
       Spear             |       |       |       |     3 ||     3
Invok: Berserk           |     2 |     1 |     6 |    12 ||    21
       Trog's Hand       |       |     1 |     4 |    15 ||    20
       Burn Spellbooks   |       |       |       |     1 ||     1
       Brothers in Arms  |       |       |       |     1 ||     1
  Use: Scroll            |     2 |     1 |     8 |     8 ||    19
       Potion            |     3 |       |       |     5 ||     8
  Eat: Chunk             |     1 |     8 |    17 |    33 ||    59
       Ration            |       |       |       |     5 ||     5
Armor: Leather armour    |    16 |     2 |       |       ||    18
       Chain mail        |       |    45 |   103 |       ||   148
       Plate armour      |       |       |    44 |   382 ||   426
       Fire dragon scale |       |       |       |    92 ||    92
Dodge: Dodged            |    23 |    46 |    87 |   349 ||   505
